 Dungeon Crawl Stone Soup version 0.18-a0-796-g4b90cf5 (webtiles) character file.

896 Morbidden the Cleaver (level 7, -4/61 HPs)
             Began as a Deep Dwarf Fighter on Dec 14, 2015.
             Killed by nerve-wracking pain
             ... invoked by Grinder
              (11 damage)
             ... on level 3 of the Dungeon.
             The game lasted 00:12:51 (3341 turns).

Morbidden the Cleaver (Deep Dwarf Fighter)          Turns: 3341, Time: 00:12:51

Health: -4/61      AC: 10    Str: 31    XL:     7   Next: 79%
Magic:  8/8        EV: 12    Int:  9    God:
Gold:   118        SH: 11    Dex: 17    Spells: 0 memorised, 6 levels left

rFire  . . .     SeeInvis .     a - +1 war axe
rCold  . . .     Clarity  .     b - +0 scale mail
rNeg   . . .     SustAt   .     c - +0 shield
rPois  .         Gourm    .     v - +0 helmet
rElec  .         Spirit   .     t - +0 cloak {+Inv}
rCorr  .         Dismiss  +     o - +0 pair of gloves
rMut   .         Stasis   .     (no boots)
MR     +....                    r - amulet of dismissal
Stlth  +.........               (no ring)
                                x - +5 ring of strength

@: mighty, agile, non-regenerating, invisible, somewhat resistant to hostile
enchantments, very unstealthy
A: damage resistance, recharge devices, sense surroundings 1, slow regeneration
3
a: Device Recharging


You were on level 3 of the Dungeon.
You were not hungry.

You visited 1 branch of the dungeon, and saw 4 of its levels.

You collected 241 gold pieces.
You spent 123 gold pieces at shops.

Inventory:

Hand Weapons
 a - a +1 war axe (weapon)
Armour
 b - a +0 scale mail (worn)
 c - a +0 shield (worn)
 o - a +0 pair of gloves (worn)
 t - a +0 cloak of invisibility (worn)
 v - a +0 helmet (worn)
Jewellery
 h - a cursed -2 ring of strength
 r - an amulet of dismissal (around neck)
 x - a +5 ring of strength (left hand)
Wands
 e - a wand of heal wounds (0)
 s - a wand of teleportation (4)
Scrolls
 j - 6 scrolls of immolation
 m - 2 scrolls of identify
 p - 2 scrolls of remove curse
 w - a scroll of random uselessness {unknown}
 y - a scroll of blinking
Potions
 d - 3 potions of might
Comestibles
 f - 4 bread rations
 g - a beef jerky
 i - a royal jelly
 k - 3 meat rations
 n - 11 fruits
 z - 5 chunks of flesh


   Skills:
 - Level 2.6 Fighting
 + Level 9.8 Axes
 - Level 3.2 Armour
 - Level 3.2 Shields
 + Level 1.6 Evocations


You had 6 spell levels left.
You didn't know any spells.

Dungeon Overview and Level Annotations

Branches:
Dungeon (4/15)
 Temple: D:4-7

Altars:
Gozag
Qazlal
Sif Muna

Shops:
D:4 *

Annotations:
D:3 Grinder


Innate Abilities, Weirdness & Mutations

You are resistant to damage.
You can recharge devices by infusing magical energy.
You passively map a small area around you.
You do not regenerate naturally.


Message History

Grinder hits you!
* * * LOW HITPOINT WARNING * * *
You writhe in agony.
* * * LOW HITPOINT WARNING * * *
Grinder gestures.
Grinder blinks!
Unknown command.
Unknown command.
Unknown command.
Drink which item? (? for menu, Esc to quit)
It was a potion of agility.
You feel agile all of a sudden.
Drink which item? (? for menu, Esc to quit)
It was a potion of cure mutation.
It has a very clean taste.
Drink which item? (? for menu, Esc to quit)
It was a potion of invisibility.
You fade into invisibility!
Grinder gestures at you. Pain shoots through your body!
You die...

......#..##.#####.#.##.##.....##.
#######...#............#.###..##.
## ##....)######.#####.## ##.##.
.####......)..†........## ##.#.
....)<....))>####.####..## ##.##.
..###........# #.# #.#.###.###.
..####.....#.####.# #.#..#..# #.
................#.####.#.#.#.# #.
#.#####....(....@.5........#.# #.
### #####..##.#........###.# #.
#...........)#####.# #.
#....####..........# ## ####
#....## #...(.###### )))# #.....#
#.##(.# )).# #..#### ####..# )))#
#..# #..# #### ##.#### ####.##


You could see Grinder.

Vanquished Creatures
  Sigmund (D:3)
  A hippogriff (D:4)
  A giant frog (D:4)
  A gnoll sergeant (D:4)
  2 scorpions
  A centaur skeleton (D:4)
  2 iguanas (D:4)
  An orc priest (D:3)
  A hound (D:4)
  An orc wizard (D:3)
  A worker ant (D:4)
  Crazy Yiuf (D:3)
  3 adders
  5 gnolls (D:4)
  2 oozes (D:3)
  A worm (D:3)
  5 giant geckos
  14 orcs (D:3)
  5 giant cockroaches
  6 goblins
  9 hobgoblins
  4 jackals (D:1)
  6 kobolds
  A quokka (D:3)
  6 bats
  A giant gecko skeleton (D:4)
  A jackal skeleton (D:4)
  3 rats (D:1)
86 creatures vanquished.

Notes
Turn   | Place    | Note
--------------------------------------------------------------
     0 | D:1      | Morbidden the Deep Dwarf Fighter began the quest for the Orb.
     0 | D:1      | Reached XP level 1. HP: 20/20 MP: 1/1
   179 | D:1      | Reached XP level 2. HP: 25/27 MP: 2/2
  1032 | D:2      | Reached XP level 3. HP: 24/33 MP: 3/3
  1093 | D:2      | Reached skill level 4 in Axes
  1557 | D:3      | Noticed Crazy Yiuf
  1567 | D:3      | Killed Crazy Yiuf
  1596 | D:3      | Reached XP level 4. HP: 25/40 MP: 4/4
  1620 | D:3      | Noticed Sigmund
  1662 | D:4      | Found a stormy altar of Qazlal.
  1669 | D:4      | Reached skill level 5 in Axes
  1731 | D:4      | Reached XP level 5. HP: 36/46 MP: 5/5
  1832 | D:4      | Noticed a hippogriff
  1845 | D:4      | Killed a hippogriff
  1845 | D:4      | Reached skill level 7 in Axes
  1845 | D:4      | Reached XP level 6. HP: 22/55 MP: 6/6
  1988 | D:4      | Found a deep blue altar of Sif Muna.
  2146 | D:4      | Reached skill level 1 in Evocations
  2159 | D:4      | Reached skill level 8 in Axes
  2170 | D:4      | Reached XP level 7. HP: 43/61 MP: 7/7
  2187 | D:4      | Found Yxtiolao's Assorted Antiques.
  2193 | D:4      | Bought a puce potion for 18 gold pieces
  2193 | D:4      | Bought a bronze ring for 105 gold pieces
  2494 | D:4      | Identified the Handbook of Evil Magic
  2608 | D:3      | Killed Sigmund
  2608 | D:3      | Reached skill level 9 in Axes
  2832 | D:3      | Noticed Grinder
  2836 | D:3      | Paralysed by Grinder for 6 turns
  3131 | D:3      | Found an opulent altar of Gozag.
  3331 | D:3      | Paralysed by Grinder for 5 turns
  3341 | D:3      | Killed from afar by Grinder

Vault maps used:
D:1:      nicolae_arrival_somewhat_less_tricky_arrival
D:3:      lemuel_crystal_altar, roderic_hopi_sauvastika,
          uniq_crazy_yiuf_cottage, uniq_grinder, uniq_sigmund
D:4:      nicolae_overflow_hidden_temple, nicolae_qazlal_eye_of_the_storm,
          serial_shops, shop, lightli_minifort

Action                   |  1- 3 |  4- 6 |  7- 9 || total
-------------------------+-------+-------+-------++-------
Melee: War axe           |    94 |    82 |    92 ||   268
Evoke: Wand              |     1 |     3 |     1 ||     5
  Use: Potion            |       |       |     7 ||     7
       Scroll            |       |       |     6 ||     6
  Eat: Chunk             |     1 |     2 |     5 ||     8
